 Dungeon Crawl Stone Soup version 0.30-a0-956-gcec3b41aec (webtiles) character file.

Game seed: 2652471450919761630

1145 billz999 the Slasher (level 8, 0/64 HPs)
             Began as a Gnoll Wanderer on Mar 30, 2023.
             Killed from afar by Sigmund (5 damage)
             ... with a magic dart
             ... on level 6 of the Dungeon.
             The game lasted 00:10:30 (4372 turns).

billz999 the Slasher (Gnoll Wanderer)               Turns: 4372, Time: 00:10:31

Health: 0/64       AC:  7    Str: 10    XL:     8   Next: 37%
Magic:  22/22      EV:  9    Int: 10    God:
Gold:   173        SH: 15    Dex: 17    Spells: 11/13 levels left

rFire   . . .      SeeInvis .    a - +0 long sword (drain)
rCold   . . .      Faith    .    n - +0 tower shield
rNeg    . . .      Spirit   .    d - +0 leather armour
rPois   .          Reflect  .    s - +0 helmet
rElec   .          Rampage  .    (no cloak)
rCorr   .                        f - +2 pair of gloves
Will    .....                    (no boots)
Stlth   ++                       (no amulet)
HPRegen 0.30/turn                g - ring of magical power
MPRegen 0.18/turn                e - ring of wizardry

@: invisible
A: fangs 1, strong nose, distributed training
a: no special abilities


You were on level 6 of the Dungeon.
You visited 1 branch of the dungeon, and saw 6 of its levels.
You also visited: Sewer and Ossuary.

You collected 173 gold pieces.

Inventory:

Hand Weapons
 a - a +0 long sword of draining (weapon)
 C - a +4 short sword
Missiles
 D - 2 throwing nets (quivered)
Armour
 c - a +1 buckler
 d - a +0 leather armour (worn)
 f - a +2 pair of gloves (worn)
 n - a +0 tower shield (worn)
 s - a +0 helmet (worn)
Jewellery
 e - a ring of wizardry (right hand)
 g - a ring of magical power (left hand)
Wands
 x - a wand of paralysis (2)
Scrolls
 b - 5 scrolls of vulnerability
 h - 2 scrolls of enchant weapon
 i - 2 scrolls of enchant armour
 k - 2 scrolls of noise
 m - 2 scrolls of teleportation
 z - a scroll of blinking
Potions
 j - 2 potions of lignification
 l - 2 potions of curing
 o - 3 potions of haste
 q - 2 potions of flight {unknown}
 r - a potion of mutation {unknown}
 u - 3 potions of cancellation {unknown}
 v - 2 potions of heal wounds {unknown}
 w - 3 potions of ambrosia {unknown}
 A - a potion of brilliance {unknown}
Miscellaneous
 B - a condenser vane


   Skills:
 + Level 5.7 Fighting
 + Level 3.3 Short Blades
 + Level 7.4 Long Blades
 + Level 3.3 Axes
 + Level 3.3 Maces & Flails
 + Level 3.3 Polearms
 + Level 3.3 Staves
 + Level 3.3 Ranged Weapons
 + Level 4.3 Throwing
 + Level 3.3 Armour
 + Level 3.3 Dodging
 + Level 3.3 Stealth
 + Level 5.7 Shields
 + Level 5.7 Unarmed Combat
 + Level 3.3 Spellcasting
 + Level 2.7 Conjurations
 + Level 2.7 Hexes
 + Level 2.7 Summonings
 + Level 2.7 Necromancy
 + Level 2.7 Translocations
 + Level 2.7 Transmutations
 + Level 2.7 Fire Magic
 + Level 2.7 Ice Magic
 + Level 2.7 Air Magic
 + Level 2.7 Earth Magic
 + Level 2.7 Poison Magic
 + Level 3.7 Invocations
 + Level 3.3 Evocations


You had 11 spell levels left.
You knew the following spells:

 Your Spells              Type           Power      Damage    Failure   Level
a - Static Discharge      Conj/Air       14%        2-3/arc   54%         2

Your spell library contained the following spells:

 Spells                   Type           Power      Damage    Failure   Level
 Vhi's Electric Charge    Tloc/Air       14%        N/A       77%         3
 Arcjolt                  Conj/Air       3%         1d13      100%        5
 Plasma Beam              Fire/Air       3%         2x1d10    100%        5


Dungeon Overview and Level Annotations

Branches:
Dungeon (6/15)              Sewer (visited)         Ossuary (visited)
 Temple: D:4-7

Altars:
Fedhas

Annotations:
D:6 Sigmund


Innate Abilities, Weirdness & Mutations

You have very sharp teeth.
Your uncanny sense of smell can sniff out nearby items.
Your experience applies equally to all skills.


Message History

Sigmund drinks a potion.
Sigmund flickers and vanishes!
Deactivating autopickup; reactivate with Ctrl-A.
Okay, then.
Found a shiny ivory wand.
You hear a zap.
A bolt of light appears from out of thin air!
The bolt of light hits you!
You are confused.
Something hits you! Something freezes you.
You closely miss something. You closely miss something. You bite something.
You feel less confused. Something hits you. Something freezes you.
You closely miss something. Something hits you. Something freezes you.
You barely miss something. You bite something.
Something hits you but does no damage.
You closely miss something. Something hits you but does no damage.
You closely miss something. Something hits you. Something freezes you.
You hit something.
You hear a zap.
A bolt of light appears from out of thin air!
The bolt of light hits you!
You are confused.
* * * LOW HITPOINT WARNING * * *
A wight comes into view. It is wielding a +0 halberd.
Something hits you!
* * * LOW HITPOINT WARNING * * *
Something freezes you.
* * * LOW HITPOINT WARNING * * *
You feel less confused.
You fade into invisibility!
You hear a zap.
A bolt of light appears from out of thin air!
The bolt of light hits you.
* * * LOW HITPOINT WARNING * * *
A wight comes into view. It is wielding a +3 great sword.
A wight comes into view. It is wielding a +0 dire flail.
A magic dart appears from out of thin air!
The magic dart hits you.
You die...

#############
...>...<....#
.##########.# #.#
#@#
######.###.### #
#............#
....####{###.#...
.#........./z.zz
#.#########.#..


There were no monsters in sight!

Vanquished Creatures
  A black bear (D:5)
  An ogre (D:5)
  A phantom (D:5)
  A centaur (D:5)
  A kobold brigand (D:5)
  2 bullfrogs (Sewer)
  2 centaur zombies (Ossuary)
  A hound (D:5)
  2 human zombies (Ossuary)
  A jelly (D:4)
  4 iguanas (D:5)
  3 mummies
  5 river rats (D:5)
  13 adders
  An ufetubus (D:4)
  2 worms (D:5)
  A dart slug (D:1)
  2 orcs (D:3)
  11 ball pythons
  6 endoplasms
  13 giant cockroaches
  4 goblins
  11 hobgoblins
  5 quokkas
  3 bats
  13 frilled lizards
  A goblin zombie (Ossuary)
  4 hobgoblin zombies (Ossuary)
  2 jackal zombies (Ossuary)
  9 kobolds
  15 kobold zombies (Ossuary)
  10 orc zombies (Ossuary)
  5 rats
  A rat zombie (Ossuary)
157 creatures vanquished.

Vanquished Creatures (others)
  3 plants (D:5)
3 creatures vanquished.

Grand Total: 160 creatures vanquished

Notes
Turn   | Place    | Note
-------+----------+-------------------------------------------
     0 | D:1      | billz999 the Gnoll Wanderer began the quest for the Orb.
     0 | D:1      | billz999 set off with the following items: a +0 long sword,
                  | 2 scrolls of vulnerability, a +0 buckler, a +0 leather
                  | armour.
     0 | D:1      | Reached XP level 1. HP: 20/20 MP: 1/1
   355 | D:1      | Reached XP level 2. HP: 23/26 MP: 2/2
   778 | D:1      | Learned a level 2 spell: Static Discharge
   872 | D:2      | Reached XP level 3. HP: 31/31 MP: 3/3
  1086 | D:2      | Reached skill level 1 in Invocations
  1365 | D:2      | Found a faded altar of an unknown god.
  1458 | D:3      | Reached skill level 1 in Short Blades
  1458 | D:3      | Reached skill level 1 in Axes
  1458 | D:3      | Reached skill level 1 in Maces & Flails
  1458 | D:3      | Reached skill level 1 in Polearms
  1458 | D:3      | Reached skill level 1 in Staves
  1458 | D:3      | Reached skill level 1 in Ranged Weapons
  1458 | D:3      | Reached skill level 1 in Armour
  1458 | D:3      | Reached skill level 1 in Dodging
  1458 | D:3      | Reached skill level 1 in Stealth
  1458 | D:3      | Reached skill level 1 in Spellcasting
  1458 | D:3      | Reached skill level 1 in Evocations
  1616 | D:3      | Reached XP level 4. HP: 27/38 MP: 5/5
  1655 | D:3      | Found a blossoming altar of Fedhas.
  1681 | D:3      | Reached skill level 1 in Conjurations
  1681 | D:3      | Reached skill level 1 in Hexes
  1681 | D:3      | Reached skill level 1 in Summonings
  1681 | D:3      | Reached skill level 1 in Necromancy
  1681 | D:3      | Reached skill level 1 in Translocations
  1681 | D:3      | Reached skill level 1 in Transmutations
  1681 | D:3      | Reached skill level 1 in Fire Magic
  1681 | D:3      | Reached skill level 1 in Ice Magic
  1681 | D:3      | Reached skill level 1 in Air Magic
  1681 | D:3      | Reached skill level 1 in Earth Magic
  1681 | D:3      | Reached skill level 1 in Poison Magic
  1964 | D:4      | Found a sand-covered staircase.
  2015 | Ossuary  | Entered an ossuary
  2200 | Ossuary  | Reached XP level 5. HP: 40/43 MP: 7/7
  2430 | Ossuary  | Reached XP level 6. HP: 42/50 MP: 8/8
  2438 | Ossuary  | Reached skill level 5 in Fighting
  2438 | Ossuary  | Reached skill level 5 in Shields
  2438 | Ossuary  | Reached skill level 5 in Unarmed Combat
  2670 | D:4      | You fall into a shaft and drop 1 floor!
  2670 | D:5      | Entered Level 5 of the Dungeon
  2870 | D:5      | Reached skill level 7 in Long Blades
  2870 | D:5      | Reached XP level 7. HP: 54/56 MP: 10/10
  3319 | D:5      | Found a glowing drain.
  3326 | Sewer    | Entered a sewer
  3494 | Sewer    | Reached XP level 8. HP: 54/63 MP: 12/12
  4356 | D:6      | Noticed Sigmund
  4372 | D:6      | Killed from afar by Sigmund

Illustrated notes

Levels and vault maps discovered:
D:1:      erik_arrival_blinker_ship, layout_basic
D:2:      layout_rooms, shapermc_ecumenical_altar_mp_vishouse, minivault_11
D:3:      layout_rooms, lemuel_crystal_altar
D:4:      cheibrodos_thug_alley, layout_cave_pods, gup_ossuary_entry_pyramid,
          kennysheep_generic_room_12
D:5:      layout_loops_ring, lightli_sewer_entry_pipes, lexackson_kobold_supper
D:6:      layout_loops_ring, marbit_many_paths, nicolae_gozag_seed_capital,
          uniq_sigmund

Skill      XL: |  1  2  3  4  5  6  7 |
---------------+----------------------+-----
Invocations    | 1 2 3 |  3.7
Short Blades   | 1 2 3 |  3.3
Axes           | 1 2 3 |  3.3
Maces & Flails | 1 2 3 |  3.3
Polearms       | 1 2 3 |  3.3
Staves         | 1 2 3 |  3.3
Ranged Weapons | 1 2 3 |  3.3
Armour         | 1 2 3 |  3.3
Dodging        | 1 2 3 |  3.3
Stealth        | 1 2 3 |  3.3
Spellcasting   | 1 2 3 |  3.3
Evocations     | 1 2 3 |  3.3
Conjurations   | 1 2 |  2.7
Hexes          | 1 2 |  2.7
Summonings     | 1 2 |  2.7
Necromancy     | 1 2 |  2.7
Translocations | 1 2 |  2.7
Transmutations | 1 2 |  2.7
Fire Magic     | 1 2 |  2.7
Ice Magic      | 1 2 |  2.7
Air Magic      | 1 2 |  2.7
Earth Magic    | 1 2 |  2.7
Poison Magic   | 1 2 |  2.7
Throwing       | 3 4 |  4.3
Fighting       | 5 |  5.7
Shields        | 5 |  5.7
Unarmed Combat | 5 |  5.7
Long Blades    | 7 |  7.4

Action                     |  1- 3 |  4- 6 |  7- 9 || total
---------------------------+-------+-------+-------++-------
  Melee: Long sword        |   113 |   196 |   258 ||   567
         Bite              |    10 |    22 |    18 ||    50
         Short sword       |       |       |     1 ||     1
    Use: Scroll            |     4 |     4 |     3 ||    11
         Potion            |       |       |     1 ||     1
   Stab: Sleeping          |     4 |     1 |     2 ||     7
 Armour: Leather armour    |    17 |    73 |    80 ||   170
  Dodge: Dodged            |    40 |    64 |    84 ||   188
  Block: Buckler           |    13 |       |       ||    13
         Tower shield      |    32 |   177 |   238 ||   447

Table legend: (Time is in decaauts)
 A = Elapsed time spent in this place.
 B = Non-inter-level travel time spent in this place.
 C = Inter-level travel time spent in this place.
 D = Time resting spent in this place.
 E = Time spent auto-exploring this place.
 F = Levels seen in this place.
 G = Mean time per level.
                   A        B        C        D        E       F      G
               +--------+--------+--------+--------+--------+-----+--------+
         Total |   4694 |   4640 |     54 |    251 |   2892 |   8 |  586.8 |
       Dungeon |   3391 |   3337 |     54 |     36 |   2489 |   6 |  565.2 |
         Sewer |    693 |    693 |      0 |     73 |    285 |   1 |  693.0 |
       Ossuary |    609 |    609 |      0 |    142 |    118 |   1 |  609.0 |
               +--------+--------+--------+--------+--------+-----+--------+

Top non-repeatable levels by time:
     D:5: 1207 daAuts
     D:1: 790 daAuts
   Sewer: 693 daAuts
     D:2: 629 daAuts
 Ossuary: 609 daAuts
     D:3: 526 daAuts
     D:4: 209 daAuts
     D:6: 28 daAuts
